 Dungeon Crawl Stone Soup version 0.13-a0-2641-gc68e7bd (webtiles) character file.

4765 Moogles the Bludgeoner (level 10, -1/80 HPs)
             Began as a Minotaur Fighter on Aug 7, 2013.
             Was an Elder of Okawaru.
             Killed by divine providence
             ... invoked by an orc priest
              (13 damage)
             ... on Level 8 of the Dungeon.
             The game lasted 00:29:44 (6372 turns).

Moogles the Bludgeoner (Minotaur Fighter)           Turns: 6372, Time: 00:29:44

HP  -1/80        AC 13     Str 24      XL: 10   Next: 14%
MP   3/3         EV  8     Int  5      God: Okawaru [****..]
Gold 325         SH 21     Dex 18      Spells:  0 memorised,  9 levels left

Res.Fire  : . . .   See Invis. : .   h - +0,+3 whip (elec)
Res.Cold  : + . .   Warding    : .   E - +0 plate armour
Life Prot.: . . .   Conserve   : .   c - +0 shield
Res.Poison: .       Res.Corr.  : +   (helmet restricted)
Res.Elec. : .       Clarity    : .   q - +0 dwarf cloak
Sust.Abil.: . .     Spirit.Shd : .   (no gloves)
Res.Mut.  : .       Stasis     : .   (no boots)
Res.Rott. : .       Flight     : .   g - amulet of resist corrosion {unknown}
Saprovore : . . .                    X - ring of protection from cold {unknown}
                                     V - cursed +3 ring of dexterity

@: agile, somewhat resistant to hostile enchantments, extremely unstealthy
A: retaliatory headbutt, horns 2
a: Heroism, Renounce Religion


You were on level 8 of the Dungeon.
You worshipped Okawaru.
Okawaru was extremely pleased with you.
You were not hungry.

You visited 2 branches of the dungeon, and saw 9 of its levels.

You collected 305 gold pieces.

Inventory:

Hand weapons
 a - a +0,+0 mace
 h - a +0,+3 whip of electrocution (weapon)
 P - a +1,+2 dwarven flail
 Y - a +0,+0 dagger
Missiles
 f - 5 arrows of flame
 i - 102 arrows
 w - 19 sling bullets
 y - 60 stones (quivered)
 z - 54 darts
 B - 24 bolts
 C - 30 poisoned needles
 L - a silver dart
Armour
 b - a +0 scale mail
 c - a +0 shield (worn)
 q - a +0 dwarven cloak (worn)
 t - a +0 plate armour
 E - a +0 plate armour (worn)
Magical devices
 J - a wand of enslavement (18) {unknown}
 K - a wand of flame (13)
 R - a wand of draining (5)
 T - a wand of lightning (1)
Comestibles
 d - 8 bread rations
 k - 2 chokos
 l - 2 apples
 n - 4 meat rations
 F - 24 sultanas
 G - a pear
Scrolls
 e - a scroll of enchant weapon II
 o - a scroll of fog {unknown}
 p - a scroll of identify {unknown}
 r - 2 scrolls of enchant weapon I {unknown}
 u - 2 scrolls of remove curse {unknown}
 v - 2 scrolls of teleportation {unknown}
Jewellery
 g - an amulet of resist corrosion (around neck) {unknown}
 V - a cursed +3 ring of dexterity (left hand)
 X - a ring of protection from cold (right hand) {unknown}
 Z - an uncursed ring of protection from fire {unknown}
Potions
 A - a potion of confusion
 I - 2 potions of restore abilities
 Q - 3 potions of might {unknown}
 U - a potion of slowing {unknown}


   Skills:
 - Level 4.1 Fighting
 + Level 16.3 Maces & Flails
 - Level 4.0 Armour
 - Level 4.0 Shields


You had 9 spell levels left.
You didn't know any spells.

Dungeon Overview and Level Annotations

Branches:
Dungeon (8/27)             Temple (1/1) D:4
    Orc: D:6-11        Lair: D:8-13

Altars:
Ashenzari
Cheibriados
Elyvilon
Fedhas
Kikubaaqudgha
Makhleb
Nemelex Xobeh
Okawaru
Sif Muna
Trog
Xom
Yredelemnul
Zin
the Shining One


Innate Abilities, Weirdness & Mutations

You reflexively headbutt those who attack you in melee.
You have a pair of horns on your head.


Message History

The orc priest utters an invocation to Beogh.
You feel troubled.
The orc priest hits you but does no damage.
The orc priest becomes somewhat translucent.
Drink which item? (? for menu, Esc to quit)
You feel better.
The orc priest invokes the aid of Beogh against you.
Something smites you!
* * * LOW HITPOINT WARNING * * *
The orc priest hits you but does no damage.
Drink which item? (? for menu, Esc to quit)
You feel more agile all of a sudden.
It was a potion of agility.
The orc priest closely misses you. You furiously retaliate!
You headbutt the orc priest. The orc barely misses you.
You hit the orc priest. Your headbutt misses the orc priest.
The orc priest is heavily wounded.
The orc priest invokes the aid of Beogh against you.
Something smites you!
You die...

##.............##
##...............##
#######)................###
.......)....................
........%..................
...........................
.........................).
...........................
................@..........
......[........ooo?........
#######.........o.......###
##...............##
##.......o.....##
##...........## .........##
.......## .....#


You could see 3 orc priests and 2 orcs.

Vanquished Creatures
  The ghost of Delarado the Thaumaturge, an experienced DEFE of Vehumet (D:8)
  Pikel (D:4)
  The ghost of disskorpion the Hoplite, an experienced GrFi of Cheibriados (D:7)
  The ghost of M4edhros the Gusty, an experienced DgWn (D:5)
  Grinder (D:4)
  Grum (D:8)
  A hippogriff (D:7)
  2 wolves (D:7)
  Purgy (D:3)
  2 phantoms (D:5)
  An ice beast (D:6)
  A sky beast (D:6)
  An ogre (D:4)
  4 centaurs
  Sigmund (D:3)
  A giant frog (D:7)
  4 killer bees (D:5)
  4 crimson imps
  An iguana (D:6)
  3 orc priests
  3 worker ants
  3 hounds
  4 orc wizards
  Ijyb (D:3)
  A big kobold skeleton (D:8)
  Terence (D:2)
  A worker ant zombie (D:6)
  8 adders
  An inept feature mimic (D:2)
  2 giant mites
  4 worms
  An adder skeleton (D:4)
  A giant eyeball (D:7)
  2 giant geckos
  An ooze (D:2)
  16 orcs
  9 bats
  4 giant cockroaches
  12 hobgoblins
  6 jackals (D:1)
  5 quokkas
  A ball python (D:1)
  A ball python skeleton (D:4)
  7 giant newts
  A gnoll zombie (D:7)
  11 goblins
  9 kobolds
  13 rats
162 creatures vanquished.

Vanquished Creatures (others)
  Blork the orc (D:4)
  A hound (D:4)
  An adder skeleton (D:4)
  A bush (D:3)
4 creatures vanquished.

Grand Total: 166 creatures vanquished

Notes
Turn   | Place    | Note
--------------------------------------------------------------
     0 | D:1      | Moogles, the Minotaur Fighter, began the quest for the Orb.
     0 | D:1      | Reached XP level 1. HP: 19/19 MP: 0/0
   204 | D:1      | Reached skill level 4 in Shields
   204 | D:1      | Reached XP level 2. HP: 26/26 MP: 0/0
  1083 | D:2      | Noticed Terence
  1101 | D:2      | Killed Terence
  1101 | D:2      | Reached XP level 3. HP: 30/33 MP: 1/1
  1177 | D:2      | Found an iron altar of Okawaru.
  1195 | D:2      | Became a worshipper of Warmaster Okawaru
  1252 | D:2      | Found a sparkling altar of Nemelex Xobeh.
  1472 | D:2      | Reached XP level 4. HP: 40/40 MP: 1/1
  2004 | D:3      | Reached skill level 5 in Maces & Flails
  2197 | D:3      | Noticed Ijyb
  2206 | D:3      | Killed Ijyb
  2217 | D:3      | Reached XP level 5. HP: 44/46 MP: 1/1
  2474 | D:3      | Noticed Sigmund
  2563 | D:3      | Killed Sigmund
  2563 | D:3      | Reached skill level 6 in Maces & Flails
  2695 | D:3      | Noticed Purgy
  2724 | D:3      | Killed Purgy
  2724 | D:3      | Acquired Okawaru's first power
  2724 | D:3      | Reached skill level 7 in Maces & Flails
  2724 | D:3      | Reached XP level 6. HP: 41/53 MP: 2/2
  2759 | D:3      | Noticed a centaur
  2847 | D:3      | Found a blossoming altar of Fedhas.
  2850 | D:3      | Killed a centaur
  3062 | D:4      | Noticed Pikel
  3105 | D:4      | Killed Pikel
  3105 | D:4      | Reached skill level 10 in Maces & Flails
  3105 | D:4      | Reached XP level 7. HP: 31/59 MP: 0/2
  3354 | D:4      | Found a staircase to the Ecumenical Temple.
  3366 | Temple   | Entered the Ecumenical Temple
  3644 | D:4      | Killed Blork the orc
  3735 | D:4      | Reached XP level 8. HP: 67/67 MP: 2/2
  3791 | D:4      | Noticed Grinder
  3795 | D:4      | Killed Grinder
  3795 | D:4      | Reached skill level 11 in Maces & Flails
  4132 | D:5      | Entered Level 5 of the Dungeon
  4249 | D:5      | Noticed M4edhros' ghost (experienced DgWn)
  4268 | D:5      | Killed M4edhros' ghost
  4268 | D:5      | Reached skill level 12 in Maces & Flails
  4671 | D:5      | Reached skill level 13 in Maces & Flails
  4769 | D:5      | Reached XP level 9. HP: 51/72 MP: 3/3
  5286 | D:6      | Reached skill level 14 in Maces & Flails
  5700 | D:7      | Noticed disskorpion's ghost (experienced GrFi)
  5722 | D:7      | Killed disskorpion's ghost
  5722 | D:7      | Reached skill level 15 in Maces & Flails
  5798 | D:7      | Paralysed by a giant eyeball for 2 turns
  5984 | D:7      | Found a basalt altar of Yredelemnul.
  6064 | D:8      | Noticed Grum
  6218 | D:8      | Killed Grum
  6224 | D:8      | Reached XP level 10. HP: 75/80 MP: 1/3
  6226 | D:8      | Noticed Delarado's ghost (experienced DEFE)
  6243 | D:8      | Killed Delarado's ghost
  6243 | D:8      | Reached skill level 16 in Maces & Flails
  6247 | D:8      | HP: 4/80 [burnt (5)]
  6372 | D:8      | Killed from afar by an orc priest

Action                   |  1- 3 |  4- 6 |  7- 9 | 10-12 || total
-------------------------+-------+-------+-------+-------++-------
Melee: Mace              |   109 |   103 |    26 |       ||   238
       Whip              |       |       |   280 |    16 ||   296
       Flail             |       |       |     4 |       ||     4
Invok: Heroism           |       |     1 |     4 |     1 ||     6
Evoke: Wand              |       |       |     4 |       ||     4
  Use: Potion            |       |     5 |       |     6 ||    11
       Scroll            |       |       |     2 |       ||     2
